 Dungeon Crawl Stone Soup version 0.30-a0-354-g6b83867211 (webtiles) character file.

Game seed: 17878701429099614290

327 ytrimaz the Trooper (level 6, 0/38 (52) HPs)
             Began as a Formicid Fighter on Nov 7, 2022.
             Killed from afar by an orc wizard (11 damage)
             ... with a magic dart
             ... on level 3 of the Dungeon.
             The game lasted 00:02:47 (1743 turns).

ytrimaz the Trooper (Formicid Fighter)              Turns: 1743, Time: 00:02:47

HP:   0/38 (52)     AC:  6    Str: 21    XL:     6   Next: 79%
MP:   6/6           EV:  9    Int:  7    God:
Gold: 91            SH:  5    Dex: 15    Spells: 5/5 levels left

rFire   + . .      SeeInvis +    a - +1 long sword
rCold   . . .      Faith    .    c - +0 buckler
rNeg    . . .      Spirit   .    b - +0 scale mail
rPois   .          Reflect  .    (helmet unavailable)
rElec   .          Harm     .    (no cloak)
rCorr   .          Rampage  .    (no gloves)
Will    .....                    (no boots)
Stlth   ..........               (no amulet)
HPRegen 0.26/turn                j - ring of protection from fire
MPRegen 0.10/turn                (no ring)

@: lethally poisoned (0 -> -9), very heavily drained
A: permanent stasis, dig shafts and tunnels, antennae 3, four strong arms
a: Dig, Shaft Self


You were on level 3 of the Dungeon.
You visited 1 branch of the dungeon, and saw 3 of its levels.

You collected 91 gold pieces.


Innate Abilities, Weirdness & Mutations

You cannot be hasted, slowed, berserked, paralysed or teleported.
You can dig through walls and to a lower floor.
You have a pair of large antennae on your head. (SInv)
Your four strong arms can wield two-handed weapons with a shield.


   Skills:
 + Level 5.9 Fighting
 + Level 4.9 Long Blades
 - Level 3.2 Armour
 - Level 4.0 Shields


You had 5 spell levels left.
You didn't know any spells.
Your spell library contained the following spells:

 Spells                   Type           Power      Damage    Failure   Level
 Slow                     Hex            0%         N/A       83%         1
 Confusing Touch          Hex            0%         N/A       99%         3
 Vampiric Draining        Necr           0%         2d6       99%         3
 Iskenderun's Battlesphe  Conj           0%         2d6       100%        5
 Iron Shot                Conj/Erth      0%         9d1       100%        6
 Spellforged Servitor     Conj/Summ      0%         N/A       100%        7

Inventory:

Hand Weapons
 a - a +1 long sword (weapon)
Armour
 b - a +0 scale mail (worn)
 c - a +0 buckler (worn)
Jewellery
 j - a ring of protection from fire (left hand)
   (You found it on level 3 of the Dungeon)
Scrolls
 e - 3 scrolls of enchant weapon
 g - 2 scrolls of identify
Potions
 d - a potion of might
 f - a potion of flight
 h - a potion of invisibility
 i - 2 potions of curing
 k - a potion of haste {unknown}

Dungeon Overview and Level Annotations

Branches:
Dungeon (3/15) Zot: 16216

Altars:
Qazlal

Shops:
D:2

* ..# #.#
###########
..#
#.........#
#.#
#.#######.#
).# #.# #.#
..######.#
#.#
.........#
#.#
.#########
#o### .##
#@)o# ..#
###o#
...... #.#
..#### #.#
#.# #o# #
... # .#.
.. .. .#
##. .# ##


You could see an orc priest, an orc wizard (invisible) and an orc.


Message History

Unknown command.
Things that are here:
a +0 dagger of draining; a +0 robe Unknown command.
You now have 91 gold pieces (gained 11).
Key pressed, stopping explore.
Key pressed, stopping explore.
Unknown command. 😎 HP[+1]
Your hp is fully restored (38).
You sense a monster nearby.
An orc wizard and an orc come into view.
The orc is wielding a +0 dagger of venom.
The orc shouts!
An orc comes into view. It is wielding a +0 dagger.
An orc comes into view. It is wielding a +0 club.
The orc wizard moves out of view.
There are monsters nearby!
The orc shouts! x2
An orc priest comes into view. It is wielding a +0 mace of draining.
You see here 11 gold pieces.
There are monsters nearby!
There are monsters nearby!
Unknown command.
The orc priest shouts!
The orc hits you but does no damage.
You are poisoned.
You closely miss the orc.
You feel sick.
The orc hits you with a +0 dagger of venom. 😕 HP[-4]
You take 4 damage, and now have 34/38 hp.
You barely miss the orc.
You feel sick. The orc barely misses you.
The orc wizard casts a spell.
The orc wizard flickers and vanishes for a moment.
You hit the orc.
You feel sick.
The orc priest invokes the aid of Beogh against you.
Beogh smites you! 😮 HP[-12]
You take 12 damage, and now have 22/38 hp.
MASSIVE DAMAGE!! (PAUSE)
You barely miss the orc.
You feel sick. You block the orc's attack.
The orc priest begins to cast a cantrip, but forgets the words!
You are too injured to fight recklessly! 😮 HP[-1]
You take 1 damage, and now have 21/38 hp.
You hit the orc but do no damage.
You feel sick.
You are no longer poisoned.
The orc barely misses you.
The orc priest mumbles some strange prayers to Beogh against you.
Beogh smites you!
* * * LOW HITPOINT WARNING * * *
You are too injured to fight recklessly! 😨 HP[-11]
You take 11 damage, and now have 10/38 hp.
MASSIVE DAMAGE!! (PAUSE)
You hit the orc. You block the orc's attack.
The orc priest looks encouraged for a moment.
You hit the orc. The orc hits you with a +0 dagger.
* * * LOW HITPOINT WARNING * * *
Unknown command.
Okay, then.
You feel better. You block the orc's attack. 😨 HP[+9]
You regained 9 hp, and now have 19/38 hp.
Unknown command.
You see here 11 gold pieces.
The orc attacks as you move away! You block the orc's attack.
The orc attacks as you move away!
The orc hits you but does no damage. 😮 HP[+1] Unknown command.
You hit the orc.
You kill the orc!
The orc hits you but does no damage.
You are poisoned.
The orc priest casts a cantrip, but nothing happens.
Things that are here:
a +0 dagger; a +0 chain mail You feel sick.
You block the orc's attack. 😨 HP[-1]
You take 1 damage, and now have 19/38 hp.
Unknown command.
You hit the orc.
You feel sick. The orc completely misses you.
The orc priest closely misses you. 😨 HP[-1]
You take 1 damage, and now have 18/38 hp.
Unknown command.
You closely miss the orc.
You feel sick.
The orc hits you with a +0 dagger of venom.
* * * LOW HITPOINT WARNING * * *
You are more poisoned.
You block the orc priest's attack. 😨 HP[-5]
You take 5 damage, and now have 13/38 hp.
You slash the orc!
You kill the orc!
* * * LOW HITPOINT WARNING * * *
You feel very sick.
The orc wizard gestures at you while chanting.
The magic dart hits you!
You die...

Skill      XL: |  1  2  3  4 |
---------------+-------------+-----
Fighting       | 4 5 |  5.9
Long Blades    | 3 4 |  4.9
Armour         | |  3.2
Shields        | |  4.0

Action                   |  1- 3 |  4- 6 || total
-------------------------+-------+-------++-------
Melee: Long sword        |    68 |    89 ||   157
 Abil: Dig               |       |     1 ||     1
  Use: Scroll            |     6 |     3 ||     9
       Potion            |       |     5 ||     5
Armor: Scale mail        |    24 |    33 ||    57
Dodge: Dodged            |    34 |    61 ||    95
Block: Buckler           |    17 |    27 ||    44

Levels and vault maps discovered:
D:1:      lemuel_arrival_room, layout_rooms
D:2:      layout_basic, serial_shops, shop, minmay_pentomino_pile, uniq_terence
D:3:      layout_loops_cross, lemuel_round_altar, uniq_sigmund, uniq_jessica

Notes
Turn   | Place    | Note
-------+----------+-------------------------------------------
     0 | D:1      | ytrimaz the Formicid Fighter began the quest for the Orb.
     0 | D:1      | Reached XP level 1. HP: 18/18 MP: 1/1
     0 | D:1      | magus.rc [v1.9.6]
    20 | D:1      | You pick up a book of Debilitation and begin reading...
    20 | D:1      | You add the spells Slow, Vampiric Draining and Confusing
                  | Touch to your library.
    78 | D:1      | Reached XP level 2. HP: 15/24 MP: 2/2
   214 | D:1      | Reached XP level 3. HP: 30/30 MP: 3/3
   417 | D:1      | You pick up a book of Power and begin reading...
   417 | D:1      | You add the spells Iskenderun's Battlesphere, Iron Shot and
                  | Spellforged Servitor to your library.
   477 | D:1      | Reached skill level 4 in Fighting
   533 | D:2      | Noticed Terence
   551 | D:2      | Killed Terence
   552 | D:2      | Reached skill level 3 in Long Blades
   552 | D:2      | Reached XP level 4. HP: 26/38 MP: 4/4
  1119 | D:2      | Found Huzab's General Store.
  1285 | D:3      | Found a stormy altar of Qazlal.
  1316 | D:3      | Noticed Sigmund
  1326 | D:3      | Killed Sigmund
  1327 | D:3      | Reached skill level 5 in Fighting
  1327 | D:3      | Reached skill level 4 in Long Blades
  1327 | D:3      | Reached XP level 5. HP: 39/45 MP: 5/5
  1327 | D:3      | Reached XP level 6. HP: 44/51 MP: 6/6
  1458 | D:3      | HP: 10/49 [gnoll/+1 whip of draining (4)]
  1463 | D:3      | HP: 6/42 [gnoll/+1 whip of draining (4)]
  1679 | D:3      | Noticed Jessica
  1691 | D:3      | Killed Jessica
  1743 | D:3      | Killed from afar by an orc wizard

Vanquished Creatures
  Sigmund (D:3)
  Jessica (D:3)
  Terence (D:2)
  4 gnolls (D:3)
  4 adders
  2 dart slugs (D:1)
  2 orcs (D:3)
  2 endoplasms
  2 giant cockroaches
  4 goblins (D:1)
  A hobgoblin (D:2)
  4 jackals (D:1)
  3 quokkas
  4 ball pythons
  6 bats
  3 frilled lizards
  4 kobolds
  4 rats
52 creatures vanquished.

Table legend:
 A = Non-vault XP
 B = Vault XP
 C = Vault XP percentage of total XP
 D = Non-vault monster count
 E = Vault monster count
 F = Vault count percentage of total count
                 A         B        C        D         E       F
            +---------+---------+-------+---------+---------+-------
      Total |     177 |     294 |  62.4 |      45 |       7 |  13.5
            +---------+---------+-------+---------+---------+-------
        D:1 |      38 |       0 |   0.0 |      21 |       0 |   0.0
        D:2 |      35 |      43 |  55.1 |       8 |       5 |  38.5
        D:3 |     104 |     251 |  70.7 |      16 |       2 |  11.1
            +---------+---------+-------+---------+---------+-------

Illustrated notes

Table legend:
 A = Kills in this place as a percentage of kills in entire the game.
 B = Kills by you in this place as a percentage of kills by you in the entire game.
 C = Kills by friends in this place as a percentage of kills by friends in the entire game.
 D = Other kills in this place as a percentage of other kills in the entire game.
 E = Experience gained in this place as a percentage of experience gained in the entire game.
 F = Experience gained in this place divided by the number of levels of this place that you have seen.
                   A       B       C       D       E      F
               +-------+-------+-------+-------+-------+----------------------
         Total | 100.0 | 100.0 |   N/A |   N/A | 100.0 | 157.0
       Dungeon | 100.0 | 100.0 |   N/A |   N/A | 100.0 | 157.0
               +-------+-------+-------+-------+-------+----------------------

Table legend: (Time is in decaauts)
 A = Elapsed time spent in this place.
 B = Non-inter-level travel time spent in this place.
 C = Inter-level travel time spent in this place.
 D = Time resting spent in this place.
 E = Time spent auto-exploring this place.
 F = Levels seen in this place.
 G = Mean time per level.
                   A        B        C        D        E       F      G
               +--------+--------+--------+--------+--------+-----+--------+
         Total |   1782 |   1767 |     15 |      0 |   1320 |   3 |  594.0 |
       Dungeon |   1782 |   1767 |     15 |      0 |   1320 |   3 |  594.0 |
               +--------+--------+--------+--------+--------+-----+--------+

Top non-repeatable levels by time:
     D:2: 768 daAuts
     D:1: 533 daAuts
     D:3: 480 daAuts
